 Dungeon Crawl Stone Soup version 0.23-a0-577-g2b1de94 (webtiles) character file.

64 JeffiDaFish the Digger (level 4, -4/24 HPs)
             Began as a Gargoyle Earth Elementalist on Dec 14, 2018.
             Slain by a gnoll
             ... wielding a +0 whip
              (9 damage)
             ... on level 2 of the Dungeon.
             The game lasted 00:02:56 (1442 turns).

JeffiDaFish the Digger (GrEE)                       Turns: 1442, Time: 00:02:56

Health: -4/24      AC:  5    Str: 11    XL:     4   Next: 12%
Magic:  0/8        EV: 12    Int: 17    God:
Gold:   73         SH:  0    Dex: 10    Spells: 7/8 levels left

rFire    . . .     SeeInvis .   f - +0 mace
rCold    . . .     Gourm    .   (no shield)
rNeg     + . .     Faith    .   c - +0 robe
rPois    ∞         Spirit   .   (no helmet)
rElec    +         Reflect  .   (no cloak)
rCorr    .         Harm     .   (no gloves)
MR       .....                  (no boots)
Stlth    ++........             (no amulet)
HPRegen  0.08/turn              (no ring)
MPRegen  0.11/turn              (no ring)

@: no status effects
A: negative energy resistance 1, electricity resistance, unbreathing,
petrification resistance, rot immunity, AC +3
a: no special abilities


You were on level 2 of the Dungeon.
You were not hungry.

You visited 1 branch of the dungeon, and saw 2 of its levels.

You collected 73 gold pieces.

Inventory:

Hand Weapons
 f - a +0 mace (weapon)
Missiles
 b - 32 stones (quivered)
Armour
 c - a +0 robe (worn)
Scrolls
 a - a scroll of enchant weapon
 e - a scroll of identify
 g - a scroll of remove curse
Potions
 h - a potion of berserk rage
 j - a potion of brilliance {unknown}
Comestibles
 d - 4 rations
 i - 6 chunks of flesh


   Skills:
 - Level 1.5 Dodging
 - Level 2.2 Stealth
 + Level 2.7 Spellcasting
   Level 0.7 Transmutations
 * Level 5.2 Earth Magic


You had 7 spell levels left.
You knew the following spells:

 Your Spells              Type           Power        Failure   Level  Hunger
a - Sandblast             Erth           ###...       1%          1    #......

Your spell library contained the following spells:

 Spells                   Type           Power        Failure   Level  Hunger
 Passwall                 Tmut/Erth      ##......     8%          2    ##.....
 Beastly Appendage        Tmut           #.....       14%         1    #......
 Stone Arrow              Conj/Erth      ##....       19%         3    ###....
 Sticks to Snakes         Tmut           #.......     21%         2    ##.....
 Spider Form              Tmut/Pois      #.........   43%         3    ###....
 Petrify                  Tmut/Erth      ##......     45%         4    #####..
 Lee's Rapid Deconstruct  Erth           ###.......   50%         5    ######.
 Ice Form                 Ice/Tmut       #.......     83%         4    #####..
 Blade Hands              Tmut           #.........   98%         5    ######.


Dungeon Overview and Level Annotations

Branches:
Dungeon (2/15)

Altars:


Innate Abilities, Weirdness & Mutations

You are resistant to torment.
Your stone body is resilient. (AC +3)
You are immune to poison.
You resist negative energy. (rN+)
You are resistant to electric shocks. (rElec)
You can survive without breathing.
You are immune to petrification.
You are immune to rotting.


Message History

Casting: Sandblast (safe; 2% risk of failure)
Confirm with . or Enter, or press ? or * to list all spells.
Aiming: Sandblast (safe; 2% risk of failure)
Press: ? - help, Shift-Dir - straight line, f/p - gnoll
Aim: a gnoll, wielding a +0 flail (almost dead)
The blast of sand hits the gnoll.
You kill the gnoll!
You have reached level 4!
You feel clever.
b - 33 stones
Casting: Sandblast (safe; 1% risk of failure)
Confirm with . or Enter, or press ? or * to list all spells.
Aiming: Sandblast (safe; 1% risk of failure)
Press: ? - help, Shift-Dir - straight line, f - gnoll
Aim: a gnoll, wielding a +0 whip The blast of sand hits the gnoll.
The gnoll is almost dead.
b - 32 stones The gnoll hits you with a +0 whip!
You die...

......#
......########
.............#
......>......#
.............#
........)....#
.............#####
##+##..........g.#
#.....######@#
#.....# #...#
#.....# #####
#.....# #......
#.....


You could see a gnoll.

Vanquished Creatures
  A gnoll (D:2)
  2 adders (D:2)
  An ooze (D:1)
  5 bats
  A giant cockroach (D:1)
  5 goblins
  6 hobgoblins
  4 frilled lizards
  A kobold (D:1)
  6 rats
32 creatures vanquished.

Notes
Turn   | Place    | Note
-------+----------+-------------------------------------------
     0 | D:1      | JeffiDaFish the Gargoyle Earth Elementalist began the quest
                  | for the Orb.
     0 | D:1      | Reached XP level 1. HP: 10/10 MP: 3/3
   415 | D:1      | Reached skill level 4 in Earth Magic
   443 | D:1      | Reached XP level 2. HP: 15/15 MP: 3/5
   857 | D:1      | Reached XP level 3. HP: 19/19 MP: 4/6
  1394 | D:2      | Reached skill level 5 in Earth Magic
  1433 | D:2      | Reached XP level 4. HP: 4/24 MP: 0/8
  1442 | D:2      | Slain by a gnoll

Vault maps used:
D:1:      psy_arrival_basics, minmay_misc_feat_roman

Skill      XL: |  1  2  3 |
---------------+----------+-----
Earth Magic    | 4 5 |  5.2
Dodging        | |  1.5
Stealth        | |  2.2
Spellcasting   | |  2.7
Transmutations | |  0.7

Action                   |  1- 3 |  4- 6 || total
-------------------------+-------+-------++-------
Melee: Unarmed           |     8 |       ||     8
       Mace              |    20 |       ||    20
 Cast: Sandblast         |    35 |     2 ||    37
  Use: Scroll            |     5 |       ||     5
       Potion            |     5 |       ||     5
 Stab: Sleeping          |     1 |       ||     1
  Eat: Chunk             |     2 |       ||     2
Armor: Robe              |    16 |       ||    16
Dodge: Dodged            |    35 |       ||    35

Table legend:
 A = Non-vault XP
 B = Vault XP
 C = Vault XP percentage of total XP
 D = Non-vault monster count
 E = Vault monster count
 F = Vault count percentage of total count
                 A         B        C        D         E       F
            +---------+---------+-------+---------+---------+-------
      Total |      92 |       0 |   0.0 |      32 |       0 |   0.0
            +---------+---------+-------+---------+---------+-------
        D:1 |      38 |       0 |   0.0 |      20 |       0 |   0.0
        D:2 |      54 |       0 |   0.0 |      12 |       0 |   0.0
            +---------+---------+-------+---------+---------+-------
